 Dungeon Crawl Stone Soup version 0.31-a0-180-g519b7de00c (webtiles) character file.

Game seed: 3476519496289577969

1529 mopl the Cleaver (level 8, -3/71 HPs)
             Began as a Hill Orc Fighter on June 19, 2023.
             Was an Initiate of Beogh.
             Killed from afar by an electric eel (12 damage)
             ... with a bolt of electricity
             ... on level 6 of the Dungeon.
             The game lasted 00:05:45 (5017 turns).

mopl the Cleaver (Hill Orc Fighter)                 Turns: 5017, Time: 00:05:46

Health: -3/71      AC: 10    Str: 19    XL:     8   Next: 85%
Magic:  8/8        EV:  7    Int:  8    God:    Beogh [......]
Gold:   337        SH:  8    Dex: 12    Spells: 7/7 levels left

rFire   . . .        a - +0 war axe
rCold   . . .        v - +0 kite shield
rNeg    . . .        z - +0 chain mail
rPois   .            (no helmet)
rElec   .            (no cloak)
rCorr   .            (no gloves)
SInv    .            (no boots)
Will    .....        D - amulet of regeneration Stlth
                     (no ring)
HPRegen 1.11/turn    (no ring)
MPRegen 0.11/turn

%: no passive effects
@: studying Unarmed Combat
A: no striking features
a: Renounce Religion


You were on level 6 of the Dungeon.
You worshipped Beogh.
Beogh was noncommittal.
You visited 1 branch of the dungeon, and saw 6 of its levels.
You also visited: Sewer.

You collected 337 gold pieces.

Inventory:

Hand Weapons
 a - a +0 war axe (weapon)
 k - the +1 mace of Cimalar {elec, Str+4 Dex+4}
   (You found it on level 2 of the Dungeon)

   Str:       It affects your strength (+4).
   Dex:       It affects your dexterity (+4).
 n - a +0 dagger of venom
Missiles
 e - 2 javelins
 m - 15 poisoned darts (quivered)
 A - 3 curare-tipped darts
Armour
 v - a +0 kite shield (worn)
 z - a +0 chain mail (worn)
Jewellery
 l - an amulet of the acrobat
 D - an amulet of regeneration (around neck)
Scrolls
 f - 3 scrolls of enchant armour {unknown}
 o - 2 scrolls of blinking {unknown}
 r - 2 scrolls of poison {unknown}
 t - a scroll of amnesia {unknown}
 u - a scroll of vulnerability {unknown}
 x - a scroll of teleportation {unknown}
 y - a scroll of identify
 B - 3 scrolls of immolation {unknown}
 C - a scroll of fog {unknown}
Potions
 b - a potion of curing {unknown}
 c - a potion of degeneration {unknown}
 d - 3 potions of might
 g - 2 potions of haste
 h - 4 potions of magic
 i - 3 potions of berserk rage {!q}
 j - 2 potions of cancellation
 p - 2 potions of mutation {!q}
 q - 3 potions of heal wounds
 s - a potion of brilliance
 w - 2 potions of enlightenment {unknown}


   Skills:
 + Level 6.6 Fighting
 * Level 9.0 Axes
 + Level 2.8 Throwing
 + Level 5.9 Armour
 + Level 3.4 Dodging
 - Level 3.2 Shields
 + Level 0.0 Invocations


You had 7 spell levels left.
You didn't know any spells.
Your spell library was empty.

Dungeon Overview and Level Annotations

Branches:
Dungeon (6/15)             Temple (0/1) D:5           Sewer (visited)

Altars:
Ashenzari
Elyvilon
Fedhas
Hepliaklqana
Vehumet
Yredelemnul


Message History

The bolt of electricity hits you!
The electric eel shoots out a bolt of lightning at you!
The bolt of electricity hits you!
Found a stone staircase leading down.
The electric eel shoots out a bolt of lightning at you!
The bolt of electricity hits you!
The bolt of electricity hits the plant!
The plant begins to die.
The bolt of electricity hits the plant!
The plant begins to die.
The electric eel shoots out a bolt of lightning at you!
The bolt of electricity hits you!
The bolt of electricity hits the plant.
The bolt of electricity hits the plant!
You closely miss the electric eel. You hit the plant but do no damage.
You slash the plant!
Unknown command.
You hit the electric eel but do no damage.
You slash the plant!
The plant begins to die.
You slash the plant!
The electric eel shoots out a bolt of lightning at you!
The bolt of electricity hits you!
The bolt of electricity hits the plant! x2
Unknown command.
You slash the electric eel!
The electric eel is severely wounded.
You hit the plant. You hit the plant but do no damage.
A nearby plant withers and dies.
The electric eel shoots out a bolt of lightning at you!
The bolt of electricity hits you!
* * * LOW HITPOINT WARNING * * *
The bolt of electricity hits the plant!
You hit the electric eel but do no damage.
The electric eel is severely wounded.
You slash the plant! You hit the plant.
A nearby plant withers and dies.
The electric eel shoots out a bolt of lightning at you!
The bolt of electricity hits you!
* * * LOW HITPOINT WARNING * * *
Unknown command.
You hit the electric eel.
The electric eel is almost dead.
You completely miss the plant.
The electric eel shoots out a bolt of lightning at you!
The bolt of electricity hits you!
You die...

#.#.........#...####...#.......
#.########...#.................
# #.#.###.#.#...........
#.#..##...#...........
#....P~♣~♣............
♣♣~♣~♣♣~~P~~~...........
~~~♣♣♣♣P~~~~~P..........
~~~~≈~~~~~~P~~~~..........
.........@................ ~
~≈~≈~~SP~~~P~♣..........
P~~P~~~~~~~~P...........
~~~♣♣♣~~PP~♣............ ♣♣~
.♣♣~~~#............ ..
................. ..
..#######....... #.. #>#
#....... #.......


You could see an electric eel.

Vanquished Creatures
  Grinder (D:4)
  Eustachio (D:4)
  A water moccasin (D:5)
  An orc warrior (D:5)
  An ice beast (D:5)
  2 ogres (D:4)
  2 kobold brigands (Sewer)
  2 scorpions
  A bullfrog (D:5)
  2 hounds
  An iguana (D:6)
  8 gnolls
  5 adders
  2 river rats (Sewer)
  2 white imps
  A worm (D:3)
  2 dart slugs
  8 orcs
  6 bats
  11 endoplasms
  7 giant cockroaches
  5 goblins (D:1)
  4 hobgoblins
  6 jackals
  2 quokkas (D:4)
  9 ball pythons
  6 frilled lizards
  22 kobolds
  25 rats
146 creatures vanquished.

Vanquished Creatures (others)
  An ice beast (D:6)
  2 orcs (D:6)
3 creatures vanquished.

Grand Total: 149 creatures vanquished

Notes
Turn   | Place    | Note
-------+----------+-------------------------------------------
     0 | D:1      | mopl the Hill Orc Fighter began the quest for the Orb.
     0 | D:1      | Reached XP level 1. HP: 19/19 MP: 1/1
    65 | D:1      | Reached skill level 3 in Axes
    85 | D:1      | Reached XP level 2. HP: 27/27 MP: 2/2
   173 | D:1      | Reached XP level 3. HP: 22/33 MP: 3/3
   277 | D:1      | Reached skill level 4 in Fighting
   689 | D:2      | Reached skill level 1 in Dodging
   690 | D:2      | Reached skill level 4 in Axes
   833 | D:2      | Reached XP level 4. HP: 38/40 MP: 4/4
   885 | D:2      | Identified the +1 mace of Cimalar {elec, Str+4 Dex+4}
  1955 | D:4      | Noticed an ogre
  1960 | D:4      | Killed an ogre
  1961 | D:4      | Reached skill level 5 in Axes
  1961 | D:4      | Reached skill level 4 in Armour
  1961 | D:4      | Reached XP level 5. HP: 13/47 MP: 5/5
  2093 | D:4      | Found a glowing drain.
  2100 | Sewer    | Entered a sewer
  2141 | Sewer    | Noticed a kobold brigand
  2152 | Sewer    | Killed a kobold brigand
  2153 | Sewer    | Reached XP level 6. HP: 19/55 MP: 6/6
  2370 | Sewer    | Reached skill level 5 in Fighting
  2370 | Sewer    | Reached skill level 6 in Axes
  2370 | Sewer    | Reached skill level 2 in Dodging
  2842 | D:4      | Reached XP level 7. HP: 61/61 MP: 7/7
  2887 | D:4      | Noticed Grinder
  2893 | D:4      | Paralysed by Grinder for 5 turns
  2911 | D:4      | Killed Grinder
  2912 | D:4      | Reached skill level 7 in Axes
  2912 | D:4      | Reached skill level 1 in Throwing
  2912 | D:4      | Reached skill level 5 in Armour
  3132 | D:4      | Noticed Eustachio
  3143 | D:4      | Killed Eustachio
  3144 | D:4      | Reached XP level 8. HP: 51/70 MP: 8/8
  3725 | D:5      | Entered Level 5 of the Dungeon
  3797 | D:5      | Reached skill level 6 in Fighting
  3797 | D:5      | Reached skill level 8 in Axes
  3797 | D:5      | Reached skill level 2 in Throwing
  4009 | D:5      | Reached skill level 3 in Dodging
  4047 | D:5      | Found a staircase to the Ecumenical Temple.
  4397 | D:5      | HP: 2/70 [bullfrog (5)]
  4778 | D:6      | Found a white marble altar of Elyvilon.
  4778 | D:6      | Found a basalt altar of Yredelemnul.
  4786 | D:6      | Found a hazy altar of Hepliaklqana.
  4788 | D:6      | Found a faded altar of an unknown god.
  4790 | D:6      | Found a broken altar of Ashenzari.
  4842 | D:6      | Found a blossoming altar of Fedhas.
  4858 | D:6      | Became a worshipper of Beogh the Brigand
  4942 | D:6      | Found a radiant altar of Vehumet.
  4980 | D:6      | Reached skill level 9 in Axes
  5017 | D:6      | Killed from afar by an electric eel

Illustrated notes

Levels and vault maps discovered:
D:1:      amcnicky_arrival_double_pillar, layout_basic
D:2:      layout_basic
D:3:      layout_basic
D:4:      layout_basic, gup_sewer_entry_bubbles, eino_tiny_chamber,
          serial_park_tiny_pond, uniq_grinder, uniq_eustachio
D:5:      layout_rooms, minmay_temple_entry_fiery
D:6:      layout_rooms, fedhas_altar_3, chequers_temple_overflow_minitemple,
          lemuel_coloured_pillars_altar, serial_bayou_lagoon_b

Skill      XL: |  1  2  3  4  5  6  7  8 |
---------------+-------------------------+-----
Axes           | 3 4 5 6 7 9 |  9.0
Fighting       | 4 5 6 |  6.6
Dodging        | 1 2 3 |  3.4
Armour         | 4 5 |  5.9
Throwing       | 1 2 |  2.8
Shields        | |  3.2

Action                     |  1- 3 |  4- 6 |  7- 9 || total
---------------------------+-------+-------+-------++-------
  Melee: War axe           |    85 |   172 |   125 ||   382
  Throw: Dart              |       |     2 |     8 ||    10
 Invoke: Convert to Beogh  |       |       |     1 ||     1
    Use: Scroll            |       |     5 |     3 ||     8
         Potion            |       |     1 |       ||     1
 Armour: Scale mail        |    40 |    66 |    29 ||   135
         Chain mail        |       |       |    26 ||    26
  Dodge: Dodged            |    44 |    96 |    52 ||   192
  Block: Buckler           |    26 |    49 |       ||    75
         Kite shield       |       |       |    66 ||    66

Table legend: (Time is in decaauts)
 A = Elapsed time spent in this place.
 B = Non-inter-level travel time spent in this place.
 C = Inter-level travel time spent in this place.
 D = Time resting spent in this place.
 E = Time spent auto-exploring this place.
 F = Levels seen in this place.
 G = Mean time per level.
                   A        B        C        D        E       F      G
               +--------+--------+--------+--------+--------+-----+--------+
         Total |   5168 |   5023 |    145 |    729 |   3123 |   7 |  738.3 |
       Dungeon |   4468 |   4323 |    145 |    519 |   2883 |   6 |  744.7 |
         Sewer |    700 |    700 |      0 |    210 |    239 |   1 |  700.0 |
               +--------+--------+--------+--------+--------+-----+--------+

Top non-repeatable levels by time:
     D:4: 1170 daAuts
     D:5: 992 daAuts
     D:3: 756 daAuts
   Sewer: 700 daAuts
     D:2: 680 daAuts
     D:1: 541 daAuts
     D:6: 327 daAuts
